AoeStats
← tom-gonz

Arabia

507598349Analyzed
4v4 RM · 12d ago on Sep 18, 2026· 32m 2s· 8 players
Game mode
Random Map
Map size
Large (8 player)
Population
200
Speed
Normal
Resources
Standard
Victory
Conquest
Starting age
Dark Age
Ending age
Imperial Age
RankedLock teamsTeams togetherTeam positionsShared explorationLock speedFull tech treeHidden civsTurbo modeCheats
Victory
Defeat
🇵🇹 Saracens · Portugal
1726
+10
🇵🇹 Sicilians · Portugal
1660
+13
🇵🇹 Cumans · Portugal
1647
+13
🇵🇹 Burmese · Portugal
1641
+14
🇲🇽 Japanese · Mexico
1633
-13
🇦🇷 Bohemians · Argentina
1594
-13
🇨🇴 Wu · Colombia
1572
-12
🇲🇽 Teutons · Mexico
1568
-12
ELEG | Huitzilopochtli
5:49 Loom
8:56 Feudal Age
12:59 Fletching
17:53 Double-Bit Axe
17:50 Horse Collar
20:48 Scale Barding Armor
20:56 Bloodlines
24:18 Castle Age
23:33 Forging
25:22 Chain Barding Armor
ELEG | IronLeg
6:36 Loom
8:54 Feudal Age
9:37 Double-Bit Axe
13:42 Scale Barding Armor
16:58 Bloodlines
18:08 Forging
24:07 Castle Age
22:28 Horse Collar
22:38 Gold Mining
24:51 Husbandry
25:13 Chain Barding Armor
24:39 Light Cavalry
27:20 Wheelbarrow
赤いドラゴン
7:00 Loom
9:19 Feudal Age
10:11 Double-Bit Axe
14:15 Fletching
15:52 Horse Collar
22:39 Castle Age
22:20 Gold Mining
23:42 Bloodlines
24:10 Bodkin Arrow
24:16 Padded Archer Armor
25:02 Ballistics
25:28 Bow Saw
Chim cu đi tắm
6:18 Loom
8:56 Feudal Age
9:42 Double-Bit Axe
14:32 Fletching
15:38 Padded Archer Armor
15:50 Horse Collar
23:01 Castle Age
23:39 Bodkin Arrow
23:06 Crossbowman
24:12 Bow Saw
24:03 Heavy Plow
25:09 Ballistics
26:21 Chemistry
27:42 Leather Archer Armor
30:50 Fervor
Darkwynn
6:27 Loom
9:01 Feudal Age
9:31 Double-Bit Axe
12:30 Fletching
16:34 Padded Archer Armor
22:57 Castle Age
23:18 Horse Collar
23:49 Bow Saw
23:00 Crossbowman
23:43 Bodkin Arrow
26:42 Ballistics
29:52 Wheelbarrow
29:20 Heavy Plow
30:28 Gold Mining
31:54 Thumb Ring
tom-gonz
6:38 Loom
9:14 Feudal Age
15:38 Scale Barding Armor
16:47 Forging
19:34 Wheelbarrow
22:45 Castle Age
20:55 Horse Collar
21:16 Gold Mining
22:12 Bloodlines
22:50 Light Cavalry
23:51 Chain Barding Armor
24:21 Husbandry
24:58 Iron Casting
29:58 Hand Cart
Brisingr
7:00 Loom
9:27 Feudal Age
11:13 Double-Bit Axe
11:10 Horse Collar
17:29 Scale Barding Armor
21:02 Wheelbarrow
22:32 Castle Age
20:30 Gold Mining
23:39 Chain Barding Armor
23:30 Bloodlines
23:40 Bow Saw
24:49 Wheelbarrow
26:02 Gold Shaft Mining
27:03 Husbandry
29:23 Forging
33:16 Iron Casting
Mr Greed
5:02 Loom
9:10 Loom
11:26 Feudal Age
12:03 Double-Bit Axe
13:37 Fletching
15:05 Padded Archer Armor
23:21 Castle Age
21:58 Gold Mining
21:49 Horse Collar
23:24 Elite Skirmisher
23:25 Crossbowman
24:04 Bodkin Arrow
24:34 Bow Saw
25:32 Ballistics
27:30 Thumb Ring
Connection lost

Rejoining the realm…

Still unreachable

The connection could not be restored.

Session expired

The server has moved on; the page needs a fresh start.